 Dungeon Crawl Stone Soup version 0.27.1-33-g824d729ab1 (webtiles) character file.

Game seed: 6072874630751597258

1507 styxcanada the Covert (level 8, -5/40 HPs)
             Began as a Spriggan Brigand on Dec 10, 2021.
             Was an Initiate of Gozag.
             Slain by a bullfrog (7 damage)
             ... in a sewer.
             The game lasted 00:30:28 (7252 turns).

styxcanada the Covert (Spriggan Brigand)            Turns: 7252, Time: 00:30:29

Health: -5/40      AC:  4    Str:  7    XL:     8   Next: 53%
Magic:  13/13      EV: 17    Int: 13    God:    Gozag
Gold:   688        SH:  0    Dex: 18    Spells: 10/13 levels left

rFire    . . .     SeeInvis +   s - +1 short sword (venom)
rCold    + . .     Faith    .   (shield restricted)
rNeg     . . .     Spirit   .   b - +0 robe
rPois    .         Reflect  .   (helmet restricted)
rElec    .         Harm     .   c - +1 cloak
rCorr    .         Rampage  .   (gloves unavailable)
Will     +....                  (boots unavailable)
Stlth    +++++.....             (no amulet)
HPRegen  0.13/turn              h - ring "Qiurhen" {Wiz rC+ Slay+2}
MPRegen  0.13/turn              (no ring)

@: mighty, gold aura, very slightly contaminated, constricted, invisible, very
quick
A: very small, no large weapons, unfitting armour, see invisible, speed 3
a: Renounce Religion, Potion Petition, Call Merchant, Bribe Branch


You were in a sewer.
You worshipped Gozag.
Gozag was pleased with you.
You visited 2 branches of the dungeon, and saw 7 of its levels.
You also visited: Sewer.

You collected 779 gold pieces.
You paid 91 gold pieces to Gozag.

Inventory:

Hand Weapons
 a - a +2 dagger of freezing
 s - a +1 short sword of venom (weapon)
 x - the +6 flail of Guilt {vamp, Str+6}
   (You found it on level 6 of the Dungeon)

   It occasionally heals its wielder for a portion of the damage dealt when it
   wounds a living foe.
   Str:       It affects your strength (+6).
Missiles
 d - 19 poisoned darts (quivered)
 e - 2 curare-tipped darts
 f - 201 stones
 g - 77 sling bullets
 j - a throwing net
 p - 4 boomerangs
Armour
 b - a +0 robe (worn)
 c - a +1 cloak (worn)
 r - a +2 hat
Jewellery
 h - the ring "Qiurhen" (left hand) {Wiz rC+ Slay+2}
   (You acquired it on level 3 of the Dungeon)

   [ring of wizardry]

   It improves your spell success rate.
   Slay:      It affects your accuracy & damage with ranged weapons and melee
   (+2).
   rC:        It protects you from cold.
 k - a ring of fire
 w - a +6 ring of intelligence
Wands
 q - a wand of acid (12)
 u - a wand of paralysis (5)
Scrolls
 i - a scroll of amnesia
 n - a scroll of enchant armour
 v - 2 scrolls of teleportation
 y - 2 scrolls of magic mapping
 A - 2 scrolls of blinking
 B - a scroll of fear {unknown}
 C - a scroll of enchant weapon {unknown}
Potions
 l - 2 potions of brilliance
 m - 2 potions of haste
 o - 2 potions of ambrosia
 t - a potion of invisibility
 E - a potion of cancellation {unknown}


   Skills:
 + Level 3.0 Fighting
 + Level 5.3 Short Blades
 + Level 3.3 Throwing
 * Level 5.1 Dodging
 * Level 10.5 Stealth
 * Level 3.3 Spellcasting
 * Level 1.7 Conjurations
 * Level 2.3 Translocations
 * Level 3.3 Evocations


You had 10 spell levels left.
You knew the following spells:

 Your Spells              Type           Power      Damage    Failure   Level
a - Magic Dart            Conj           24%        1d4       4%          1
b - Blink                 Tloc           N/A        N/A       5%          2

Your spell library contained the following spells:

 Spells                   Type           Power      Damage    Failure   Level
 Searing Ray              Conj           12%        3d3       6%          2
 Freeze                   Ice            8%         1d3       9%          1
 Frozen Ramparts          Ice            4%         1d2       26%         3
 Fulminant Prism          Conj/Hex       2%         3d6       50%         4
 Hailstorm                Conj/Ice       4%         3d4       50%         4
 Manifold Assault         Tloc           8%         N/A       65%         5
 Storm Form               Tmut/Air       1%         N/A       100%        7


Dungeon Overview and Level Annotations

Branches:
Dungeon (6/15)             Temple (1/1) D:5           Sewer (1/1)

Altars:
Cheibriados
Gozag
Hepliaklqana
Kikubaaqudgha
Nemelex Xobeh
Okawaru
Qazlal
Uskayaw
Vehumet
Wu Jian
Xom
Yredelemnul
Zin
The Shining One

Shops:
D:4 *


Innate Abilities, Weirdness & Mutations

You are very small and have problems with some larger weapons.
You are too small for most types of armour.
You have supernaturally acute eyesight. (SInv)
You cover ground extremely quickly. (Speed+++)


Message History

You impale the adder!!
You kill the adder!
The ball python misses you. The ball python constricts you.
The bullfrog closely misses you. The bullfrog misses you.
The ball python misses you. The adder barely misses you.
The ball python closely misses you. The adder completely misses you.
Your Dodging skill increases to level 5!
You catch the helpless bullfrog completely off-guard!
You impale the bullfrog!!
You kill the bullfrog!
The bullfrog misses you. The ball python closely misses you.
The ball python constricts you. The adder closely misses you.
The ball python is distracted by your dazzling golden aura.
The ball python closely misses you.
The adder is distracted by your dazzling golden aura.
The ball python bites you but does no damage.
The adder hisses angrily.
You catch the helpless ball python completely off-guard!
You impale the ball python!!
You kill the ball python!
The ball python hisses angrily.
The bullfrog misses you. The ball python completely misses you.
The ball python constricts you.
* * * LOW HITPOINT WARNING * * *
The adder closely misses you. The ball python completely misses you.
The bullfrog closely misses you.
You puncture the adder!
You kill the adder!
The bullfrog looks more healthy.
The ball python bites you.
* * * LOW HITPOINT WARNING * * *
The ball python constricts you. The bullfrog closely misses you.
The ball python is distracted by your dazzling golden aura.
Unknown command.
You puncture the adder!
You kill the adder!
The ball python is no longer distracted by gold.
The ball python is distracted by your dazzling golden aura. x2
The ball python constricts you. The bullfrog hits you!
You die...
Your body crumbles into a pile of gold.

###################
###..≈≈≈≈≈≈≈$S≈≈≈≈≈≈#..
##...≈≈≈≈≈≈#≈@$≈#≈≈S≈...
#.....≈≈≈≈≈≈SF≈≈≈≈≈≈≈≈..
#....≈≈≈≈≈≈≈≈S≈≈≈≈≈≈≈...
##....≈≈≈≈≈≈≈≈≈≈≈≈≈≈≈≈≈..
#.....#≈≈≈≈≈≈≈≈≈≈≈≈≈≈≈#..
#....################## #
##...#### #....#..#
#....'..#


You could see a bullfrog and 3 ball pythons.

Vanquished Creatures
  A water moccasin (D:5)
  4 ogres
  A phantom (D:6)
  A bullfrog (Sewer)
  3 scorpions
  4 wights (D:6)
  A centaur zombie (D:5)
  3 hounds
  A jelly (D:4)
  A bullfrog skeleton (D:5)
  Natasha (D:4)
  A hound skeleton (D:4)
  5 gnolls
  A howler monkey skeleton (D:5)
  17 adders
  4 river rats (Sewer)
  A white imp (D:6)
  An adder zombie (D:5)
  6 worms
  A dart slug (D:3)
  7 orcs
  6 endoplasms
  6 giant cockroaches
  11 goblins
  3 hobgoblins
  4 jackals (D:1)
  7 quokkas
  18 ball pythons
  3 bats
  6 frilled lizards
  4 kobolds
  25 rats
158 creatures vanquished.

Notes
Turn   | Place    | Note
-------+----------+-------------------------------------------
     0 | D:1      | styxcanada the Spriggan Brigand began the quest for the
                  | Orb.
     0 | D:1      | Reached XP level 1. HP: 10/10 MP: 2/2
    17 | D:1      | Found a faded altar of an unknown god.
    38 | D:1      | Reached skill level 6 in Stealth
    92 | D:1      | Reached XP level 2. HP: 11/14 MP: 3/3
   465 | D:1      | Reached XP level 3. HP: 17/18 MP: 4/4
   686 | D:2      | Reached skill level 7 in Stealth
  1203 | D:2      | Reached XP level 4. HP: 22/23 MP: 5/5
  2289 | D:3      | Identified a scroll of acquirement
  2289 | D:3      | Acquired the ring "Qiurhen" {Wiz rC+ Slay+2}
  2631 | D:3      | Found a glowing silver altar of Zin.
  3266 | D:4      | Reached XP level 5. HP: 26/26 MP: 6/6
  3284 | D:4      | Reached skill level 8 in Stealth
  3807 | D:4      | Found Xurhi Weu's General Store.
  3900 | D:4      | Noticed Natasha
  3909 | D:4      | Killed Natasha
  3910 | D:4      | Reached XP level 6. HP: 30/30 MP: 7/7
  4230 | D:4      | Learned a level 1 spell: Magic Dart
  4456 | D:4      | Reached skill level 9 in Stealth
  4527 | D:5      | Entered Level 5 of the Dungeon
  4548 | D:5      | Reached skill level 1 in Spellcasting
  4548 | D:5      | Found a staircase to the Ecumenical Temple.
  4558 | Temple   | Entered the Ecumenical Temple
  4743 | Temple   | Became a worshipper of Gozag Ym Sagoz the Greedy
  4816 | D:5      | Noticed a water moccasin
  4849 | D:5      | Killed a water moccasin
  4850 | D:5      | Reached skill level 1 in Evocations
  4850 | D:5      | Reached XP level 7. HP: 25/35 MP: 8/10
  4940 | D:5      | Reached skill level 1 in Conjurations
  5104 | D:5      | Found a radiant altar of Vehumet.
  5104 | D:5      | Found a hazy altar of Hepliaklqana.
  5153 | D:5      | Reached skill level 10 in Stealth
  5239 | D:5      | Learned a level 2 spell: Blink
  5281 | D:5      | Reached XP level 8. HP: 29/39 MP: 12/12
  5448 | D:5      | Found a shimmering altar of Xom.
  5777 | D:6      | Found an ornate altar of the Wu Jian Council.
  5884 | D:6      | Reached skill level 5 in Short Blades
  5913 | D:6      | Reached skill level 1 in Translocations
  6469 | D:6      | Identified the +6 flail of Guilt {vamp, Str+6}
  6613 | D:6      | Found a glowing drain.
  6657 | Sewer    | Entered a sewer
  7249 | Sewer    | Reached skill level 5 in Dodging
  7251 | Sewer    | HP: 2/40 [ball python (3)]
  7252 | Sewer    | Slain by a bullfrog

Illustrated notes

Levels and vault maps discovered:
D:1:      dpeg_arrival_solitude, layout_rooms, basic_ecumenical_altar
D:2:      layout_basic
D:3:      layout_loops_ring, mainiacjoe_overflow_catwalk,
          kennysheep_generic_room_4
D:4:      layout_loops_ring, serial_shops, nicolae_take_the_stairs,
          kennysheep_nub, saegor_snake_ambush, uniq_natasha
D:5:      layout_cave_pools, general_overflow_altar, minitemple,
          minmay_temple_entry_junction, hangedman_abyss_or_decor_passed,
          hangedman_abyss_or_decor_slice
D:6:      layout_gridville, lemuel_crystal_altar, portal_sewer_entry_f
Temple:   minmay_temple_forest_path
Sewer:    sewer_minmay_w

Skill      XL: |  1  2  3  4  5  6  7  8 |
---------------+-------------------------+-----
Dodging        | 2 3 4 5 |  5.1
Stealth        | 6 7 8 9 10 | 10.5
Fighting       | 2 3 |  3.0
Short Blades   | 3 4 5 |  5.3
Spellcasting   | 1 2 3 |  3.3
Evocations     | 1 2 3 |  3.3
Throwing       | 3 |  3.3
Conjurations   | 1 |  1.7
Translocations | 2 |  2.3

Action                   |  1- 3 |  4- 6 |  7- 9 || total
-------------------------+-------+-------+-------++-------
Melee: Dagger            |    98 |    39 |       ||   137
       Short sword       |       |    96 |   192 ||   288
Throw: Dart              |    15 |    24 |    11 ||    50
 Cast: Magic Dart        |       |     4 |    28 ||    32
Evoke: Wand              |       |       |     4 ||     4
  Use: Scroll            |       |    13 |     2 ||    15
       Potion            |       |       |     3 ||     3
 Stab: Sleeping          |     7 |    17 |    10 ||    34
       Invisible         |       |       |     3 ||     3
       Paralysed         |       |       |     2 ||     2
Armor: Robe              |    15 |    16 |    28 ||    59
Dodge: Dodged            |    80 |    67 |   219 ||   366
